PAAA
JERSEY CITY TRITONS @ ROYSE CITY TARGARYENS
05/28/2029
 
TOP OF THE 1ST
Jersey City Tritons batting - Pitching for Royse City Targaryens : LHP Doug Freeth
Pitching: LHP Doug Freeth
Batting: RHB Colt Cabana 0-0: Fly out, F8 (Line Drive, 8RD)
Batting: RHB Mike Strickland 0-0: Ball
1-0: Foul Ball, location: 2F
1-1: Hit by Pitch
Batting: RHB Chris Costa 0-0: Ball
1-0: Ball
2-0: Swinging Strike
2-1: SINGLE (Line Drive, 8LS)
Mike Strickland to second
Batting: RHB Ethan Miller 0-0: Ball
1-0: Ball
2-0: Called Strike
2-1: Ball
3-1: Fly out, F6 (Popup, 6MD)
Batting: RHB Dave Yates 0-0: Ball
1-0: Called Strike
1-1: Ball
2-1: Ball
3-1: Base on Balls
Mike Strickland to third
Chris Costa to second
Batting: RHB Jorge Rodríguez 0-0: Called Strike
0-1: Ball
1-1: Called Strike
1-2: Strikes out swinging
Top of the 1st over - 0 runs, 1 hit, 0 errors, 3 left on base; Jersey City 0 - Royse City 0
BOTTOM OF THE 1ST
Royse City Targaryens batting - Pitching for Jersey City Tritons : RHP António Alomar
Pitching: RHP António Alomar
Batting: RHB Bryant Skelly 0-0: Ground out 5-3 (Groundball, 56)
Batting: LHB Gonzalo Álvarez 0-0: Fly out, F7 (Flyball, 7LM)
Batting: RHB Chriss Mann 0-0: Ball
1-0: Swinging Strike
1-1: Ground out 6-3 (Groundball, 6)
Bottom of the 1st over - 0 runs, 0 hits, 0 errors, 0 left on base; Jersey City 0 - Royse City 0
TOP OF THE 2ND
Jersey City Tritons batting - Pitching for Royse City Targaryens : LHP Doug Freeth
Batting: RHB Rudko Hrnjak 0-0: Ball
1-0: Called Strike
1-1: Foul Ball, location: 2F
1-2: Foul Ball, location: 2F
1-2: Fly out, F8 (Flyball, 8LS)
Batting: RHB Vincent Vega 0-0: Ball
1-0: Ball
2-0: Ball
3-0: Base on Balls
Batting: LHB Miguel Gazivoda 0-0: Called Strike
0-1: Ball
1-1: Called Strike
1-2: SINGLE (Groundball, 34D)
Vincent Vega to second
Runner from 2nd tries for 3rd, SAFE, no throw
Batting: RHB Colt Cabana 0-0: Foul Ball, location: 2F
0-1: Fielders Choice at 2nd, 6-4 (Groundball, 56)
Vincent Vega scores
Batting: RHB Mike Strickland 0-0: Ball
1-0: Ball
2-0: Foul Ball, location: 2F
2-1: Ball
3-1: Base on Balls
Colt Cabana to second
Batting: RHB Chris Costa 0-0: Ball
1-0: SINGLE (Flyball, 78S)
Colt Cabana to third
Mike Strickland to second
Runner from 3rd tries for Home, throw and OUT!
Top of the 2nd over - 1 run, 2 hits, 0 errors, 2 left on base; Jersey City 1 - Royse City 0
BOTTOM OF THE 2ND
Royse City Targaryens batting - Pitching for Jersey City Tritons : RHP António Alomar
Batting: LHB José Vargas 0-0: Called Strike
0-1: Ball
1-1: Ground out 4-3 (Groundball, 4)
Batting: RHB Bruce Ingilby 0-0: Swinging Strike
0-1: Ball
1-1: Ball
2-1: Swinging Strike
2-2: Fly out, F7 (Flyball, 7S)
Batting: SHB Corey Neace 0-0: Called Strike
0-1: Ball
1-1: Foul Ball, location: 2F
1-2: Fly out, F8 (Line Drive, 8RD)
Bottom of the 2nd over - 0 runs, 0 hits, 0 errors, 0 left on base; Jersey City 1 - Royse City 0
TOP OF THE 3RD
Jersey City Tritons batting - Pitching for Royse City Targaryens : RHP José Montalópez
Pitching: RHP José Montalópez
Batting: RHB Ethan Miller 0-0: SINGLE (Line Drive, 4M)
Batting: RHB Dave Yates 0-0: Ball
1-0: Fly out, F9 (Flyball, 89S)
Batting: RHB Jorge Rodríguez 0-0: Ball
1-0: Ball
2-0: Grounds into double play, 6-4-3 (Groundball, 6M)
Top of the 3rd over - 0 runs, 1 hit, 0 errors, 0 left on base; Jersey City 1 - Royse City 0
BOTTOM OF THE 3RD
Royse City Targaryens batting - Pitching for Jersey City Tritons : RHP António Alomar
Batting: RHB Diego Bonilla 0-0: Called Strike
0-1: Foul Ball, location: 2F
0-2: Foul Ball, location: 2F
0-2: Ball
1-2: Strikes out looking
Batting: RHB Charlie Rhodes 0-0: Called Strike
0-1: Fly out, F8 (Flyball, 8RM)
Batting: RHB Fernando Rivera 0-0: Ball
1-0: Swinging Strike
1-1: Ball
2-1: Swinging Strike
2-2: Foul Ball, location: 2F
2-2: Strikes out looking
Bottom of the 3rd over - 0 runs, 0 hits, 0 errors, 0 left on base; Jersey City 1 - Royse City 0
TOP OF THE 4TH
Jersey City Tritons batting - Pitching for Royse City Targaryens : RHP José Montalópez
Batting: RHB Rudko Hrnjak 0-0: Foul Ball, location: 2F
0-1: Ground out 1-3 (Groundball, P)
Batting: RHB Vincent Vega 0-0: Foul Ball, location: 2F
0-1: Ball
1-1: SINGLE (Groundball, 4MD)
Batting: LHB Miguel Gazivoda 0-0: Ball
Vincent Vega steals 2nd base
1-0: Ground out 3-1 (Groundball, 34S)
Vincent Vega to third
Batting: RHB Colt Cabana 0-0: Ball
1-0: Called Strike
1-1: SINGLE (Line Drive, 8RS)
Vincent Vega scores
Batting: RHB Mike Strickland 0-0: Called Strike
Colt Cabana steals 2nd base
0-1: Called Strike
0-2: Strikes out swinging
Top of the 4th over - 1 run, 2 hits, 0 errors, 1 left on base; Jersey City 2 - Royse City 0
BOTTOM OF THE 4TH
Royse City Targaryens batting - Pitching for Jersey City Tritons : RHP António Alomar
Batting: RHB Bryant Skelly 0-0: Ball
1-0: Called Strike
1-1: SOLO HOME RUN (Line Drive, 8RXD), Distance : 434 ft
Batting: LHB Gonzalo Álvarez 0-0: Ball
1-0: SINGLE (Line Drive, 8LS)
Batting: RHB Chriss Mann 0-0: Ball
1-0: Foul Ball, location: 2F
1-1: Ball
2-1: Ball
3-1: Foul Ball, location: 2F
3-2: Base on Balls
Gonzalo Álvarez to second
Batting: LHB José Vargas 0-0: Foul Ball, location: 2F
0-1: Ball
1-1: Ball
2-1: Ball
3-1: Foul Ball, location: 2F
3-2: Base on Balls
Gonzalo Álvarez to third
Chriss Mann to second
Batting: RHB Bruce Ingilby 0-0: Foul Ball, location: 2F
0-1: Foul Ball, location: 2F
0-2: SINGLE (Groundball, 6MD)
Gonzalo Álvarez scores
Chriss Mann to third
José Vargas to second
Batting: SHB Corey Neace 0-0: Foul Ball, location: 2F
0-1: Ball
1-1: Ball
2-1: Ball
3-1: Base on Balls
Chriss Mann scores
José Vargas to third
Bruce Ingilby to second
Batting: RHB Diego Bonilla 0-0: Called Strike
0-1: Ball
1-1: Foul Ball, location: 2F
1-2: Ball
2-2: Fly out, F9 (Flyball, 89M)
Runner from 3rd tags up, SCORES, throw made
Batting: RHB Charlie Rhodes 0-0: Called Strike
0-1: Swinging Strike
0-2: Ball
1-2: Strikes out looking
Batting: RHB Fernando Rivera 0-0: Swinging Strike
0-1: Ball
1-1: SINGLE (Line Drive, 7S)
Bruce Ingilby to third
Corey Neace to second
Runner from 3rd tries for Home, SAFE, no throw
Batting: RHB Bryant Skelly 0-0: Ball
1-0: Ball
2-0: Foul Ball, location: 2F
2-1: 3-RUN HOME RUN (Flyball, 7LD), Distance : 338 ft
Batting: LHB Gonzalo Álvarez 0-0: Foul Ball, location: 2F
0-1: Foul Ball, location: 2F
0-2: Strikes out swinging
Bottom of the 4th over - 8 runs, 5 hits, 0 errors, 0 left on base; Jersey City 2 - Royse City 8
TOP OF THE 5TH
Jersey City Tritons batting - Pitching for Royse City Targaryens : RHP José Montalópez
Batting: RHB Chris Costa 0-0: Ball
1-0: Called Strike
1-1: SINGLE (Groundball, 5D)
Batting: RHB Ethan Miller 0-0: Ball
1-0: Called Strike
1-1: Ball
2-1: Ball
3-1: Foul Ball, location: 2F
3-2: Foul Ball, location: 2F
3-2: Base on Balls
Chris Costa to second
Batting: RHB Dave Yates 0-0: Foul Ball, location: 2F
0-1: Ball
1-1: Ball
2-1: Called Strike
2-2: Ball
3-2: Foul Ball, location: 2F
3-2: SINGLE (Groundball, 6MD)
Chris Costa to third
Ethan Miller to second
Runner from 3rd tries for Home, SAFE, no throw
Batting: RHB Jorge Rodríguez 0-0: Fly out, F7 (Flyball, 78M)
Batting: RHB Rudko Hrnjak 0-0: SINGLE (Line Drive, 78S)
Ethan Miller to third
Dave Yates to second
Batting: RHB Vincent Vega 0-0: Ball
1-0: Foul Ball, location: 2F
1-1: Swinging Strike
1-2: Strikes out looking
Batting: LHB Miguel Gazivoda 0-0: Foul Ball, location: 2F
0-1: Swinging Strike
0-2: Foul Ball, location: 2F
0-2: Ball
1-2: Foul Ball, location: 2F
1-2: Ground out 4-3 (Groundball, 4)
Top of the 5th over - 1 run, 3 hits, 0 errors, 3 left on base; Jersey City 3 - Royse City 8
BOTTOM OF THE 5TH
Royse City Targaryens batting - Pitching for Jersey City Tritons : RHP António Alomar
Batting: RHB Chriss Mann 0-0: Ball
1-0: Foul Ball, location: 2F
1-1: Fly out, F9 (Line Drive, 9)
Batting: LHB José Vargas 0-0: Called Strike
0-1: Called Strike
0-2: Ball
1-2: Ground out 1-3 (Groundball, 13)
Batting: RHB Bruce Ingilby 0-0: Ball
1-0: SINGLE (Groundball, 34D)
Pitching: RHP Godfrey Verbiest
Batting: SHB Corey Neace 0-0: Called Strike
0-1: Fielders Choice at 2nd, U4 (Groundball, 4M)
Bottom of the 5th over - 0 runs, 1 hit, 0 errors, 1 left on base; Jersey City 3 - Royse City 8
TOP OF THE 6TH
Jersey City Tritons batting - Pitching for Royse City Targaryens : RHP José Montalópez
Batting: RHB Colt Cabana 0-0: Foul Ball, location: 2F
0-1: Fly out, F8 (Flyball, 8LM)
Batting: RHB Mike Strickland 0-0: Called Strike
0-1: Foul Ball, location: 2F
0-2: Ball
1-2: Foul Ball, location: 2F
1-2: Foul Ball, location: 2F
1-2: Ground out U3 (Groundball, 34S)
Batting: RHB Chris Costa 0-0: Ball
1-0: Ball
2-0: Fly out, F8 (Flyball, 8LD)
Top of the 6th over - 0 runs, 0 hits, 0 errors, 0 left on base; Jersey City 3 - Royse City 8
BOTTOM OF THE 6TH
Royse City Targaryens batting - Pitching for Jersey City Tritons : RHP Godfrey Verbiest
Batting: RHB Diego Bonilla 0-0: Ball
1-0: Called Strike
1-1: Ball
2-1: Foul Ball, location: 2F
2-2: Fly out, F8 (Flyball, 8RM)
Batting: RHB Charlie Rhodes 0-0: Fly out, F9 (Flyball, 89S)
Batting: RHB Fernando Rivera 0-0: Ball
1-0: Ball
2-0: Called Strike
2-1: Called Strike
2-2: Foul Ball, location: 2F
2-2: Ground out 4-3 (Groundball, 4)
Bottom of the 6th over - 0 runs, 0 hits, 0 errors, 0 left on base; Jersey City 3 - Royse City 8
TOP OF THE 7TH
Jersey City Tritons batting - Pitching for Royse City Targaryens : RHP José Montalópez
Pitching: RHP Francisco López
Batting: RHB Ethan Miller 0-0: Ball
1-0: Ball
2-0: Ball
3-0: Called Strike
3-1: Foul Ball, location: 2F
3-2: DOUBLE (Line Drive, 78D)
Batting: RHB Dave Yates 0-0: Ball
1-0: SINGLE (Line Drive, 89S)
Ethan Miller to third
Batting: RHB Jorge Rodríguez 0-0: Ball
1-0: Grounds into double play, 4-6-3 (Groundball, 34)
Ethan Miller scores
Batting: RHB Rudko Hrnjak 0-0: Called Strike
0-1: Foul Ball, location: 2F
0-2: Strikes out swinging
Top of the 7th over - 1 run, 2 hits, 0 errors, 0 left on base; Jersey City 4 - Royse City 8
BOTTOM OF THE 7TH
Royse City Targaryens batting - Pitching for Jersey City Tritons : RHP Godfrey Verbiest
Batting: RHB Bryant Skelly 0-0: Ball
1-0: Ball
2-0: Ball
3-0: Base on Balls
Batting: LHB Gonzalo Álvarez 0-0: Ball
1-0: Called Strike
1-1: Fly out, F6 (Popup, 6M)
Batting: RHB Chriss Mann 0-0: Ball
1-0: Ball
2-0: Ball
3-0: Called Strike
3-1: Base on Balls
Bryant Skelly to second
Batting: LHB José Vargas 0-0: Ball
1-0: Ball
2-0: SINGLE (Groundball, 4D)
Bryant Skelly to third
Chriss Mann to second
Runner from 3rd tries for Home, SAFE, no throw
Batting: RHB Bruce Ingilby 0-0: SINGLE (Flyball, 56D)
Chriss Mann to third
José Vargas to second
Batting: SHB Corey Neace 0-0: Ball
1-0: Called Strike
1-1: Ball
2-1: Ball
3-1: Base on Balls
Chriss Mann scores
José Vargas to third
Bruce Ingilby to second
Batting: RHB Diego Bonilla 0-0: Ball
1-0: Foul Ball, location: 2F
1-1: Called Strike
1-2: Ball
2-2: Strikes out swinging
Batting: RHB Charlie Rhodes 0-0: Called Strike
0-1: Foul Ball, location: 2F
0-2: Ball
1-2: Ball
2-2: Strikes out swinging
Bottom of the 7th over - 2 runs, 2 hits, 0 errors, 3 left on base; Jersey City 4 - Royse City 10
TOP OF THE 8TH
Jersey City Tritons batting - Pitching for Royse City Targaryens : RHP Francisco López
Batting: RHB Vincent Vega 0-0: Ground out 3-1 (Groundball, 34)
Batting: LHB Miguel Gazivoda 0-0: SINGLE (Line Drive, 6D)
Batting: RHB Colt Cabana 0-0: Foul Ball, location: 2F
0-1: Swinging Strike
0-2: Ball
1-2: Foul Ball, location: 2F
1-2: Ball
2-2: Foul Ball, location: 2F
2-2: Foul Ball, location: 2F
2-2: Foul Ball, location: 2F
2-2: Ball
3-2: Fly out, F8 (Flyball, 8LD)
Batting: RHB Mike Strickland 0-0: Ball
1-0: Called Strike
1-1: Ball
2-1: Foul Ball, location: 2F
2-2: Fly out, F9 (Flyball, 9D)
Top of the 8th over - 0 runs, 1 hit, 0 errors, 1 left on base; Jersey City 4 - Royse City 10
BOTTOM OF THE 8TH
Royse City Targaryens batting - Pitching for Jersey City Tritons : RHP Godfrey Verbiest
Batting: RHB Fernando Rivera 0-0: Swinging Strike
0-1: Called Strike
0-2: Fly out, F7 (Flyball, 78D)
Batting: RHB Bryant Skelly 0-0: Ball
1-0: Foul Ball, location: 2F
1-1: TRIPLE (Flyball, 8RXD)
Batting: LHB Gonzalo Álvarez 0-0: Foul Ball, location: 2F
0-1: 2-RUN HOME RUN (Flyball, 9LD), Distance : 345 ft
Batting: RHB Chriss Mann 0-0: Foul Ball, location: 2F
0-1: Called Strike
0-2: Foul Ball, location: 2F
0-2: Ball
1-2: Foul Ball, location: 2F
1-2: SOLO HOME RUN (Line Drive, 7D), Distance : 377 ft
Batting: LHB José Vargas 0-0: Called Strike
0-1: Swinging Strike
0-2: Foul Ball, location: 2F
0-2: Ball
1-2: Strikes out looking
Batting: RHB Bruce Ingilby 0-0: SINGLE (Line Drive, 56D)
Batting: SHB Corey Neace 0-0: Swinging Strike
0-1: Ball
1-1: Ball
2-1: Foul Ball, location: 2F
2-2: Fly out, F8 (Flyball, 8LD)
Bottom of the 8th over - 3 runs, 4 hits, 0 errors, 1 left on base; Jersey City 4 - Royse City 13
TOP OF THE 9TH
Jersey City Tritons batting - Pitching for Royse City Targaryens : RHP Francisco López
Batting: RHB Chris Costa 0-0: Called Strike
0-1: Swinging Strike
0-2: Strikes out swinging
Batting: RHB Ethan Miller 0-0: Ball
1-0: Ground out 5-3 (Groundball, 56)
Batting: RHB Dave Yates 0-0: Ground out 6-3 (Groundball, 6)
Top of the 9th over - 0 runs, 0 hits, 0 errors, 0 left on base; Jersey City 4 - Royse City 13
Tuesday, December 19th, 2017 - OOTP Baseball 18.8 Build 76